| TOP OF THE 1ST |
|
Batavia Clippers batting - Pitching for Geneva Red Legs : RHP Weldon Swift
|
|
Pitching: RHP Weldon Swift
|
|
|
Batting: RHB Greg Tabor
|
0-0: Foul Ball, location: 2F 0-1: SINGLE (Groundball, 5D, EV 98.1 MPH)
|
|
Batting: LHB Mark Bingham
|
0-0: Called Strike Greg Tabor is caught stealing 2nd base 2-6 0-1: Ground out 1-3 (Groundball, 13S, EV 71.3 MPH)
|
|
Batting: RHB Mickey Brantley
|
0-0: Called Strike 0-1: Ball 1-1: Fly out, F4 (Flyball, 34D, EV 81.3 MPH)
|
| Top of the 1st over - 0 runs, 1 hit, 0 errors, 0 left on base; Batavia 0 - Geneva 0 |
| BOTTOM OF THE 1ST |
|
Geneva Red Legs batting - Pitching for Batavia Clippers : RHP Greg Hughes
|
|
Pitching: RHP Greg Hughes
|
|
|
Batting: RHB Bob Brower
|
0-0: Ball 1-0: Called Strike 1-1: Called Strike 1-2: Ball 2-2: Strikes out swinging
|
|
Batting: RHB Ricky Velasquez
|
0-0: Ball 1-0: Ball 2-0: Ball 3-0: Foul Ball, location: 2F 3-1: SINGLE (Flyball, 8LS, EV 86.9 MPH)
|
|
Batting: LHB Mike Kingery
|
0-0: Fly out, F9 (Line Drive, 9, EV 83.8 MPH)
|
|
Batting: LHB Orsino Hill
|
0-0: 2-RUN HOME RUN (Flyball, 9D, EV 95.0 MPH), Distance : 377 ft
|
|
Batting: RHB Victor Mendoza
|
0-0: Swinging Strike 0-1: Swinging Strike 0-2: Ball 1-2: Foul Ball, location: 2F 1-2: Strikes out swinging
|
| Bottom of the 1st over - 2 runs, 2 hits, 0 errors, 0 left on base; Batavia 0 - Geneva 2 |
| TOP OF THE 2ND |
|
Batavia Clippers batting - Pitching for Geneva Red Legs : RHP Weldon Swift
|
|
Batting: RHB Dave Sax
|
0-0: Called Strike 0-1: Foul Ball, location: 2F 0-2: Ball 1-2: Ball 2-2: Ball 3-2: Ground out 6-3 (Groundball, 6, EV 88.1 MPH)
|
|
Batting: LHB Mike Botkin
|
0-0: Ball 1-0: Fly out, F7 (Flyball, 78D, EV 95.6 MPH)
|
|
Batting: RHB Larry Kiesling
|
0-0: Ball 1-0: Called Strike 1-1: Ball 2-1: Ball 3-1: Foul Ball, location: 2F 3-2: Ground out 6-3 (Groundball, 6, EV 96.9 MPH)
|
| Top of the 2nd over - 0 runs, 0 hits, 0 errors, 0 left on base; Batavia 0 - Geneva 2 |
| BOTTOM OF THE 2ND |
|
Geneva Red Legs batting - Pitching for Batavia Clippers : RHP Greg Hughes
|
|
Batting: RHB Robby Thompson
|
0-0: Swinging Strike 0-1: Foul Ball, location: 2F 0-2: Ball 1-2: Foul Ball, location: 2F 1-2: Foul Ball, location: 2F 1-2: Ball 2-2: Ball 3-2: Base on Balls
|
|
Batting: LHB Louis Sottile
|
0-0: Called Strike 0-1: Ball 1-1: Ball 2-1: Ball 3-1: Base on Balls Robby Thompson to second
|
|
Batting: LHB Juan Araujo
|
0-0: Foul Ball, location: 2F 0-1: Ball 1-1: Fielders Choice at 2nd, 3-6 (Groundball, 3, EV 78.8 MPH) Robby Thompson to third
|
|
Batting: RHB Danny Reyes
|
0-0: Ball 1-0: Foul Ball, location: 2F 1-1: Ball 2-1: TRIPLE (Line Drive, 8RD, EV 104.4 MPH) Robby Thompson scores Juan Araujo scores
|
|
Batting: RHB Bob Brower
|
0-0: Ball 1-0: Foul Ball, location: 2F 1-1: Called Strike 1-2: Ground out 3-1 (Groundball, 13, EV 89.4 MPH) Danny Reyes scores
|
|
Batting: RHB Ricky Velasquez
|
0-0: Ball 1-0: Ball 2-0: SINGLE (Groundball, 56D, EV 105.0 MPH)
|
|
Batting: LHB Mike Kingery
|
0-0: Called Strike 0-1: Ball 1-1: Called Strike 1-2: Ball 2-2: Foul Ball, location: 2F 2-2: Reached on error, E4 (Groundball, 4, EV 86.3 MPH) Ricky Velasquez to third
|
|
Batting: LHB Orsino Hill
|
0-0: Foul Ball, location: 2F 0-1: Ball 1-1: Ball 2-1: Ball Wild Pitch! Ricky Velasquez scores Mike Kingery to third 3-1: Ground out 4-3 (Groundball, 4, EV 86.3 MPH)
|
| Bottom of the 2nd over - 4 runs, 2 hits, 1 error, 1 left on base; Batavia 0 - Geneva 6 |
| TOP OF THE 3RD |
|
Batavia Clippers batting - Pitching for Geneva Red Legs : RHP Weldon Swift
|
|
Batting: LHB Scott Miller
|
0-0: Ball 1-0: Fly out, F8 (Flyball, 8LD, EV 106.3 MPH)
|
|
Batting: RHB Jorge Gonzalez
|
0-0: Fly out, F8 (Flyball, 8RD, EV 91.9 MPH)
|
|
Batting: RHB Mark Kuecker
|
0-0: Ground out U3 (Groundball, 3, EV 96.9 MPH)
|
| Top of the 3rd over - 0 runs, 0 hits, 0 errors, 0 left on base; Batavia 0 - Geneva 6 |
| BOTTOM OF THE 3RD |
|
Geneva Red Legs batting - Pitching for Batavia Clippers : RHP Greg Hughes
|
|
Batting: RHB Victor Mendoza
|
0-0: Called Strike 0-1: Called Strike 0-2: Foul Ball, location: 2F 0-2: Strikes out swinging
|
|
Batting: RHB Robby Thompson
|
0-0: Called Strike 0-1: Ball 1-1: Ball 2-1: Ball 3-1: Foul Ball, location: 2F 3-2: Strikes out looking
|
|
Batting: LHB Louis Sottile
|
0-0: Foul Ball, location: 2F 0-1: Called Strike 0-2: Ball 1-2: Ball 2-2: Ground out 6-3 (Groundball, 56, EV 93.1 MPH)
|
| Bottom of the 3rd over - 0 runs, 0 hits, 0 errors, 0 left on base; Batavia 0 - Geneva 6 |
| TOP OF THE 4TH |
|
Batavia Clippers batting - Pitching for Geneva Red Legs : RHP Weldon Swift
|
|
Batting: RHB Greg Tabor
|
0-0: Called Strike 0-1: Ball 1-1: Called Strike 1-2: Foul Ball, location: 2F 1-2: Ball 2-2: Strikes out swinging
|
|
Batting: LHB Mark Bingham
|
0-0: DOUBLE (Flyball, 8LXD, EV 93.8 MPH)
|
|
Batting: RHB Mickey Brantley
|
0-0: Fly out, F8 (Line Drive, 8RM, EV 85.0 MPH)
|
|
Batting: RHB Dave Sax
|
0-0: Ball 1-0: Foul Ball, location: 2F 1-1: Ball 2-1: Foul Ball, location: 2F 2-2: Ground out 6-3 (Groundball, 56, EV 80.0 MPH)
|
| Top of the 4th over - 0 runs, 1 hit, 0 errors, 1 left on base; Batavia 0 - Geneva 6 |
| BOTTOM OF THE 4TH |
|
Geneva Red Legs batting - Pitching for Batavia Clippers : RHP Greg Hughes
|
|
Batting: LHB Juan Araujo
|
0-0: Ball 1-0: Fly out, F6 (Flyball, 56D, EV 76.3 MPH)
|
|
Batting: RHB Danny Reyes
|
0-0: Called Strike 0-1: Foul Ball, location: 2F 0-2: Ground out 6-3 (Groundball, 6, EV 91.3 MPH)
|
|
Batting: RHB Bob Brower
|
0-0: Ball 1-0: Ball 2-0: Foul Ball, location: 2F 2-1: Called Strike 2-2: Ball 3-2: Foul Ball, location: 2F 3-2: Foul Ball, location: 2F 3-2: Ground out 5-3 (Groundball, 56S, EV 81.9 MPH)
|
| Bottom of the 4th over - 0 runs, 0 hits, 0 errors, 0 left on base; Batavia 0 - Geneva 6 |
| TOP OF THE 5TH |
|
Batavia Clippers batting - Pitching for Geneva Red Legs : RHP Weldon Swift
|
|
Batting: LHB Mike Botkin
|
0-0: Ground out 6-3 (Groundball, 6, EV 88.8 MPH)
|
|
Batting: RHB Larry Kiesling
|
0-0: Ball 1-0: Swinging Strike 1-1: Foul Ball, location: 2F 1-2: Foul Ball, location: 2F 1-2: Strikes out swinging
|
|
Batting: LHB Scott Miller
|
0-0: Ball 1-0: Ball 2-0: Ball 3-0: Base on Balls
|
|
Batting: RHB Jorge Gonzalez
|
0-0: Ball 1-0: Foul Ball, location: 2F 1-1: Ground out 5-3 (Groundball, 5S, EV 61.3 MPH)
|
| Top of the 5th over - 0 runs, 0 hits, 0 errors, 1 left on base; Batavia 0 - Geneva 6 |
| BOTTOM OF THE 5TH |
|
Geneva Red Legs batting - Pitching for Batavia Clippers : RHP Greg Hughes
|
|
Batting: RHB Ricky Velasquez
|
0-0: DOUBLE (Line Drive, 78XD, EV 108.1 MPH)
|
|
Batting: LHB Mike Kingery
|
0-0: Called Strike 0-1: Called Strike 0-2: Ball 1-2: Ball 2-2: Foul Ball, location: 2F 2-2: Foul Ball, location: 2F 2-2: Foul Ball, location: 2F 2-2: Foul Ball, location: 2F 2-2: Ball 3-2: 2-RUN HOME RUN (Flyball, 9D, EV 100.0 MPH), Distance : 379 ft
|
|
Pitching: RHP Dick Lloyd
|
|
|
Batting: LHB Orsino Hill
|
0-0: Swinging Strike 0-1: Called Strike 0-2: Ball 1-2: Ball 2-2: Ball 3-2: Foul Ball, location: 2F 3-2: Strikes out swinging
|
|
Batting: RHB Victor Mendoza
|
0-0: Ball 1-0: SINGLE (Groundball, 56D, EV 94.4 MPH)
|
|
Batting: RHB Robby Thompson
|
0-0: Ball 1-0: Ball 2-0: Ball 3-0: Called Strike 3-1: Fly out, F9 (Flyball, 9S, EV 90.0 MPH)
|
|
Batting: LHB Louis Sottile
|
0-0: Fly out, F5 (Popup, 5SF, EV 86.3 MPH)
|
| Bottom of the 5th over - 2 runs, 3 hits, 0 errors, 1 left on base; Batavia 0 - Geneva 8 |
| TOP OF THE 6TH |
|
Batavia Clippers batting - Pitching for Geneva Red Legs : RHP Weldon Swift
|
|
Batting: RHB Mark Kuecker
|
0-0: Called Strike 0-1: Ball 1-1: Ground out 6-3 (Groundball, 6, EV 87.5 MPH)
|
|
Batting: RHB Greg Tabor
|
0-0: Called Strike 0-1: Ball 1-1: Ball 2-1: Fly out, F8 (Flyball, 8LD, EV 105.6 MPH)
|
|
Batting: LHB Mark Bingham
|
0-0: Ball 1-0: Called Strike 1-1: Called Strike 1-2: Strikes out swinging
|
| Top of the 6th over - 0 runs, 0 hits, 0 errors, 0 left on base; Batavia 0 - Geneva 8 |
| BOTTOM OF THE 6TH |
|
Geneva Red Legs batting - Pitching for Batavia Clippers : RHP Dick Lloyd
|
|
Batting: LHB Juan Araujo
|
0-0: Ball 1-0: Ground out U3 (Groundball, 3S, EV 83.8 MPH)
|
|
Batting: RHB Danny Reyes
|
0-0: Hit by Pitch
|
|
Batting: RHB Bob Brower
|
0-0: Called Strike 0-1: Ball 1-1: Foul Ball, location: 2F 1-2: Ball 2-2: Ball 3-2: Base on Balls Danny Reyes to second
|
|
Batting: RHB Ricky Velasquez
|
0-0: Called Strike 0-1: Fly out, F8 (Flyball, 8RM, EV 86.3 MPH)
|
|
Batting: LHB Mike Kingery
|
0-0: Called Strike 0-1: Foul Ball, location: 2F 0-2: SINGLE (Line Drive, 4M, EV 96.9 MPH) Danny Reyes to third Bob Brower to second Runner from 3rd tries for Home, SAFE, throw by CF to home
|
|
Batting: LHB Orsino Hill
|
0-0: Called Strike 0-1: Ball 1-1: Ball 2-1: Ball 3-1: Base on Balls Bob Brower to third Mike Kingery to second
|
|
Batting: RHB Victor Mendoza
|
0-0: Ball 1-0: Called Strike 1-1: Swinging Strike 1-2: Strikes out swinging
|
| Bottom of the 6th over - 1 run, 1 hit, 0 errors, 3 left on base; Batavia 0 - Geneva 9 |
| TOP OF THE 7TH |
|
Batavia Clippers batting - Pitching for Geneva Red Legs : RHP Weldon Swift
|
|
Pinch Hitting: LHB Ronald Naclerio
|
0-0: Foul Ball, location: 2F 0-1: Swinging Strike 0-2: Ball 1-2: Foul Ball, location: 2F 1-2: Strikes out swinging
|
|
Batting: RHB Dave Sax
|
0-0: Ball 1-0: Ball 2-0: Fly out, F8 (Line Drive, 8LM, EV 88.1 MPH)
|
|
Batting: LHB Mike Botkin
|
0-0: Ball 1-0: Called Strike 1-1: Ball 2-1: Ball 3-1: Base on Balls
|
|
Batting: RHB Larry Kiesling
|
0-0: Ball 1-0: Ball 2-0: Called Strike 2-1: Ball 3-1: TRIPLE (Flyball, 78XD, EV 111.9 MPH) Mike Botkin scores
|
|
Batting: LHB Scott Miller
|
0-0: Called Strike 0-1: Foul Ball, location: 2F 0-2: Foul Ball, location: 2F 0-2: Ball 1-2: Foul Ball, location: 2F 1-2: Foul Ball, location: 2F 1-2: Fly out, F8 (Flyball, 8RXD, EV 106.3 MPH)
|
| Top of the 7th over - 1 run, 1 hit, 0 errors, 1 left on base; Batavia 1 - Geneva 9 |
| BOTTOM OF THE 7TH |
|
Geneva Red Legs batting - Pitching for Batavia Clippers : RHP Dick Lloyd
|
|
Now in CF: Ronald Naclerio
|
|
|
Pinch Hitting: RHB Miguel Franjul
|
0-0: Ground out U3 (Groundball, 13, EV 91.3 MPH)
|
|
Pinch Hitting: SHB Kirk Forbes
|
0-0: Foul Ball, location: 2F 0-1: Fly out, F7 (Flyball, 7, EV 96.9 MPH)
|
|
Batting: LHB Juan Araujo
|
0-0: Called Strike 0-1: Ball 1-1: Called Strike 1-2: Foul Ball, location: 2F 1-2: Ball 2-2: Ground out U3 (Groundball, 3, EV 90.0 MPH)
|
| Bottom of the 7th over - 0 runs, 0 hits, 0 errors, 0 left on base; Batavia 1 - Geneva 9 |
| TOP OF THE 8TH |
|
Batavia Clippers batting - Pitching for Geneva Red Legs : RHP Weldon Swift
|
|
Now at 2B: John Skorochocki
|
|
|
Now at 3B: Miguel Franjul
|
|
|
Batting: RHB Jorge Gonzalez
|
0-0: Foul Ball, location: 2F 0-1: Swinging Strike 0-2: Foul Ball, location: 2F 0-2: Foul Ball, location: 2F 0-2: Ball 1-2: Ball 2-2: Ball 3-2: SINGLE (Line Drive, 34D, EV 95.0 MPH)
|
|
Batting: RHB Mark Kuecker
|
0-0: Ball 1-0: Ball 2-0: Called Strike 2-1: Swinging Strike 2-2: Ball 3-2: Base on Balls Jorge Gonzalez to second
|
|
Pinch Hitting: RHB Luis Handal
|
0-0: Called Strike 0-1: Ground out 3-1 (Groundball, 34S, EV 71.9 MPH) Jorge Gonzalez to third Mark Kuecker to second
|
|
Batting: LHB Mark Bingham
|
0-0: Foul Ball, location: 2F 0-1: Foul Ball, location: 2F 0-2: Foul Ball, location: 2F 0-2: Ground out 6-3 (Groundball, 4M, EV 88.8 MPH) Jorge Gonzalez scores Mark Kuecker to third
|
|
Batting: LHB Ronald Naclerio
|
0-0: Called Strike 0-1: Ground out 4-3 (Groundball, 4, EV 83.8 MPH)
|
| Top of the 8th over - 1 run, 1 hit, 0 errors, 1 left on base; Batavia 2 - Geneva 9 |
| BOTTOM OF THE 8TH |
|
Geneva Red Legs batting - Pitching for Batavia Clippers : RHP Dick Lloyd
|
|
Now at 2B: Luis Handal
|
|
|
Batting: RHB Danny Reyes
|
0-0: Ball 1-0: Called Strike 1-1: Ground out 6-3 (Groundball, 6, EV 85.6 MPH)
|
|
Batting: RHB Bob Brower
|
0-0: SOLO HOME RUN (Flyball, 78XD, EV 95.0 MPH), Distance : 425 ft
|
|
Batting: RHB Ricky Velasquez
|
0-0: Fly out, F3 (Popup, 3SF, EV 85.6 MPH)
|
|
Pinch Hitting: RHB Edwin Quinones
|
0-0: Ball 1-0: SOLO HOME RUN (Flyball, 7D, EV 94.4 MPH), Distance : 386 ft
|
|
Batting: LHB Orsino Hill
|
0-0: Ball 1-0: Foul Ball, location: 2F 1-1: Foul Ball, location: 2F 1-2: Ball 2-2: Ball 3-2: Foul Ball, location: 2F 3-2: Base on Balls
|
|
Pitching: RHP Stephen Golden
|
|
|
Batting: RHB Victor Mendoza
|
0-0: Ball 1-0: Ball 2-0: Ball 3-0: Base on Balls Orsino Hill to second
|
|
Batting: RHB Miguel Franjul
|
0-0: Ball 1-0: Swinging Strike 1-1: Foul Ball, location: 2F 1-2: Ball 2-2: Ball 3-2: Strikes out swinging
|
| Bottom of the 8th over - 2 runs, 2 hits, 0 errors, 2 left on base; Batavia 2 - Geneva 11 |
| TOP OF THE 9TH |
|
Batavia Clippers batting - Pitching for Geneva Red Legs : RHP Weldon Swift
|
|
Now at 1B: Mark Kaeterle
|
|
|
Batting: RHB Dave Sax
|
0-0: Foul Ball, location: 2F 0-1: Ball 1-1: Ball 2-1: Ball 3-1: Called Strike 3-2: Foul Ball, location: 2F 3-2: Foul Ball, location: 2F 3-2: Foul Ball, location: 2F 3-2: Foul Ball, location: 2F 3-2: Foul Ball, location: 2F 3-2: Foul Ball, location: 2F 3-2: Strikes out swinging
|
|
Batting: LHB Mike Botkin
|
0-0: Swinging Strike 0-1: Fly out, F8 (Line Drive, 8LD, EV 100.0 MPH)
|
|
Batting: RHB Larry Kiesling
|
0-0: Ball 1-0: Swinging Strike 1-1: Ball 2-1: Swinging Strike 2-2: Foul Ball, location: 2F 2-2: Foul Ball, location: 2F 2-2: Foul Ball, location: 2F 2-2: Foul Ball, location: 2F 2-2: Ball 3-2: Strikes out swinging
|
| Top of the 9th over - 0 runs, 0 hits, 0 errors, 0 left on base; Batavia 2 - Geneva 11 |
|